 Dungeon Crawl Stone Soup version 0.30-a0-586-g23e55c9e0a (webtiles) character file.

Game seed: 15923395097603824148

14 brightshaft the Poker (level 2, 23/23 (24) HPs)
             Began as a Demigod Wanderer on Jan 4, 2023.
             Got out of the dungeon alive.
             The game lasted 00:01:20 (393 turns).

brightshaft the Poker (Demigod Wanderer)             Turns: 393, Time: 00:01:21

HP:   23/23 (24)    AC:  3    Str: 11    XL:     2   Next: 18%
MP:   6/6           EV: 11    Int: 12    God:
Gold: 27            SH:  0    Dex: 17    Spells: 2/3 levels left

rFire   . . .      SeeInvis .    m - +0 trident
rCold   . . .      Faith    .    (no shield)
rNeg    . . .      Spirit   .    d - +0 robe
rPois   .          Reflect  .    (no helmet)
rElec   .          Harm     .    (no cloak)
rCorr   .          Rampage  .    b - +0 pair of gloves
Will    .....                    (no boots)
Stlth   ++                       (no amulet)
HPRegen 0.23/turn                (no ring)
MPRegen 0.10/turn                (no ring)

@: lightly drained
A: high MP 1, forlorn, divine attributes
a: no special abilities


You escaped.
You visited 1 branch of the dungeon, and saw 1 of its levels.

You collected 27 gold pieces.

Inventory:

Hand Weapons
 a - a +2 spear
 m - a +0 trident (weapon)
Armour
 b - a +0 pair of gloves (worn)
 d - a +0 robe (worn)
 h - a +0 scale mail
 i - a +0 chain mail
Jewellery
 g - a +6 ring of intelligence
Scrolls
 c - a scroll of fear
 e - a scroll of identify {unknown}
Potions
 f - 2 potions of curing {unknown}
 j - a potion of magic {unknown}
 k - a potion of lignification {unknown}
 l - a potion of flight {unknown}


   Skills:
 + Level 1.9 Fighting
 * Level 3.8 Polearms
 + Level 1.2 Armour
 + Level 1.2 Stealth
 - Level 1.1 Spellcasting
 - Level 1.1 Conjurations


You had 2 spell levels left.
You knew the following spells:

 Your Spells              Type           Power      Damage    Failure   Level
a - Kiss of Death         Conj/Necr      8%         2d6       24%         1

Your spell library contained the following spells:

 Spells                   Type           Power      Damage    Failure   Level
 Dazzling Flash           Conj/Hex       4%         N/A       56%         3


Dungeon Overview and Level Annotations

Branches:
Dungeon (1/15)


Innate Abilities, Weirdness & Mutations

You have an increased reservoir of magic. (+10% MP)
You shall have no god before yourself.
Your divine heritage dramatically boosts your attributes as you level up.


Message History

The jackal is heavily wounded.
The jackal closely misses you.
You hit the jackal.
You kill the jackal!
No target in view!
No target in view!
k - an emerald potion No target in view!
l - a purple potion You open the door.
There is an open door here.
There is an open door here.
A kobold and a jackal come into view.
The kobold moves out of view.
The jackal moves out of view.
The kobold throws a stone.
The stone misses you.
You barely miss the kobold. The kobold barely misses you.
You closely miss the kobold. You hit the kobold.
You kill the kobold!
No target in view!
No target in view!
Found a stone staircase leading down.
Things that are here:
a +0 dagger; 2 stones
Found a trident.
A bat comes into view.
You reach to attack!
The helpless bat fails to defend itself.
You hit the bat.
You kill the bat!
No target in view!
No target in view!
Search for what [? for help]? pole You see here a +0 trident.
m - a +0 trident
m - a +0 trident (weapon)
Setting a skill training target for Polearms at 14.0.
There is a staircase leading out of the dungeon here.
Are you sure you want to leave the Dungeon?
This will make you lose the game!
You have escaped!

#.#####..
#...........#
#.#####..
#.8..8.8..8.#
#........
#...........#
#.#####..
#...........###.# #..
. #.^.........##..#
#..
..###...........##.##
#..
...#...........##.#
###
#.......@........#
##...........####
#...........#
#...........# #
#...........# #
#...........# #
#.8..8.8..8.# #
#...........# ####
#...รท.......# #...


There were no monsters in sight!

Vanquished Creatures
  2 endoplasms (D:1)
  A giant cockroach (D:1)
  3 goblins (D:1)
  2 jackals (D:1)
  A bat (D:1)
  A frilled lizard (D:1)
  2 kobolds (D:1)
  2 rats (D:1)
14 creatures vanquished.

Notes
Turn   | Place    | Note
-------+----------+-------------------------------------------
     0 | D:1      | brightshaft the Demigod Wanderer began the quest for the
                  | Orb.
     0 | D:1      | brightshaft set off with the following items: a +2 spear, a
                  | +0 pair of gloves, a scroll of fear, a +0 robe; and the
                  | following spell memorised: Kiss of Death; and the following
                  | spells available to memorise: Dazzling Flash.
     0 | D:1      | Reached XP level 1. HP: 17/17 MP: 4/4
   223 | D:1      | Reached XP level 2. HP: 19/23 MP: 6/6
   393 | D:$      | Got out of the dungeon alive.

Illustrated notes

Levels and vault maps discovered:
D:1:      giann_forest_graveyard, layout_loops_corners,
          shapermc_ecumenical_altar_ellora, solitary_fountain,
          chequers_serial_rivers_micro_d

Action                   || total
-------------------------++-------
Melee: Spear             ||    39
 Cast: Kiss of Death     ||     1
 Stab: Sleeping          ||     4
Armor: Robe              ||     3
Dodge: Dodged            ||    21

Table legend: (Time is in decaauts)
 A = Elapsed time spent in this place.
 B = Non-inter-level travel time spent in this place.
 C = Inter-level travel time spent in this place.
 D = Time resting spent in this place.
 E = Time spent auto-exploring this place.
 F = Levels seen in this place.
 G = Mean time per level.
                   A        B        C        D        E       F      G
               +--------+--------+--------+--------+--------+-----+--------+
         Total |    389 |    323 |     66 |      0 |    224 |   1 |  389.0 |
       Dungeon |    389 |    323 |     66 |      0 |    224 |   1 |  389.0 |
               +--------+--------+--------+--------+--------+-----+--------+

Top non-repeatable levels by time:
     D:1: 389 daAuts
